 Dungeon Crawl Stone Soup version 0.24.0-125-gc4c63601f3 (webtiles) character file.

Game seed: 13361375082074146399, levelgen mode: deterministic

842 Johnny the Digger (level 7, 0/50 HPs)
             Began as a Demigod Earth Elementalist on Feb 22, 2020.
             Succumbed to a scorpion's poison
             ... on level 5 of the Dungeon.
             The game lasted 00:05:11 (4435 turns).

Johnny the Digger (Demigod Earth Elementalist)      Turns: 4435, Time: 00:05:12

Health: 0/50       AC:  2    Str: 18    XL:     7   Next: 40%
Magic:  2/17       EV: 12    Int: 28    God:
Gold:   365        SH:  0    Dex: 16    Spells: 5/14 levels left

rFire    . . .     SeeInvis +   z - +0 rapier of Embarrassment {pierce, MR+ Str+2 SInv} (curse)
rCold    . . .     Gourm    .   (no shield)
rNeg     . . .     Faith    .   c - +0 robe
rPois    +         Spirit   .   h - +0 hat
rElec    .         Reflect  .   (no cloak)
rCorr    .         Harm     .   (no gloves)
MR       ++...                  (no boots)
Stlth    ++........             (no amulet)
HPRegen  0.16/turn              n - ring of poison resistance
MPRegen  0.15/turn              r - ring of protection from magic

@: mighty, brilliant, lethally poisoned (0 -> -15), flying, very slightly
contaminated, invisible
A: high mp 1
a: no special abilities


You were on level 5 of the Dungeon.
You were not hungry.

You visited 1 branch of the dungeon, and saw 5 of its levels.

You collected 365 gold pieces.

Inventory:

Hand Weapons
 q - a +1 whip of venom
 y - the +9 battleaxe "Tuaremn" {chop, Str+4, unknown}
   (You found it on level 5 of the Dungeon)

   It inflicts extra damage upon your enemies.
   It affects your strength (+4).
 z - the cursed +0 rapier of Embarrassment (weapon) {pierce, MR+ Str+2 SInv}
   (You found it on level 5 of the Dungeon)

   It inflicts extra damage upon your enemies.
   It affects your strength (+2).
   It affects your resistance to hostile enchantments.
   It lets you see invisible.
   It has a curse placed upon it.
Missiles
 b - 46 stones (quivered)
Armour
 c - a +0 robe (worn)
 h - a +0 hat (worn)
Jewellery
 n - a ring of poison resistance (left hand)
 r - a ring of protection from magic (right hand)
Wands
 m - a wand of flame (14)
 p - a wand of iceblast (6)
Scrolls
 a - 2 scrolls of remove curse {unknown}
 e - 3 scrolls of teleportation
 f - 2 scrolls of fear
 g - a scroll of immolation {unknown}
 i - a scroll of enchant weapon {unknown}
 j - a scroll of magic mapping {unknown}
 l - 2 scrolls of identify {unknown}
 s - a scroll of random uselessness {unknown}
 w - a scroll of blinking {unknown}
Potions
 k - a potion of brilliance
 t - a potion of haste {unknown}
 u - a potion of curing {unknown}
 v - 2 potions of invisibility
 x - a potion of resistance {unknown}
 A - a potion of flight
 B - a potion of lignification {unknown}
 D - a potion of degeneration {unknown}
Comestibles
 d - 8 rations


   Skills:
 - Level 1.7 Dodging
 - Level 1.7 Stealth
 + Level 4.4 Spellcasting
   Level 0.8 Transmutations
 * Level 7.1 Earth Magic


You had 5 spell levels left.
You knew the following spells:

 Your Spells              Type           Power        Failure   Level  Hunger
a - Sandblast             Erth           ######       1%          1    None
b - Stone Arrow           Conj/Erth      #####.       1%          3    ##.....
c - Lee's Rapid Deconstr  Erth           ######....   1%          5    #####..

Your spell library contained the following spells:

 Spells                   Type           Power        Failure   Level  Hunger
 Passwall                 Tmut/Erth      #####...     1%          2    None
 Petrify                  Tmut/Erth      #####...     1%          4    ####...


Dungeon Overview and Level Annotations

Branches:
Dungeon (5/15)
 Temple: D:4-7


Innate Abilities, Weirdness & Mutations

You have an increased reservoir of magic. (+10% MP)


Message History

* * * LOW HITPOINT WARNING * * *
You feel sick. The scorpion misses you.
You are very lightly contaminated with residual magic.
Unknown command.
It was a potion of flight.
You feel very buoyant.
You fly up into the air.
* * * LOW HITPOINT WARNING * * *
You feel sick. The scorpion barely misses you.
Unknown command.
It was a potion of brilliance.
You feel clever all of a sudden.
* * * LOW HITPOINT WARNING * * *
You feel sick. The scorpion barely misses you.
Unknown command.
Unknown command.
Okay, then.
It was a potion of might.
You feel very mighty all of a sudden.
You die...

......# # ......# #### #
......# ##... # ......#
#.... # ......# #.... #
......# #.... #...
#####......# #.... #....
##..@s......# #.... #....
#...##......# #....
#....########....#......#
#....
........................#
#....
....#.........##........#
#....
....#..........#..##....#
#....
....#..............#....#
#....
....#.......##..........#
#....
###'#........#.###...
#....


You could see a scorpion.

Vanquished Creatures
  An ice beast (D:5)
  2 ogres (D:4)
  2 scorpions (D:4)
  A bullfrog zombie (D:4)
  A hound (D:5)
  An orc priest (D:4)
  2 worker ants
  Natasha (thrice) (D:2)
  An orc wizard (D:5)
  6 gnolls (D:3)
  7 adders
  2 oozes
  An adder zombie (D:4)
  A dart slug (D:3)
  4 leopard geckos
  13 orcs
  8 bats
  4 giant cockroaches
  5 goblins
  7 hobgoblins
  11 jackals
  A quokka (D:3)
  3 ball pythons
  5 frilled lizards
  10 kobolds
  A quokka skeleton (D:4)
  7 rats
110 creatures vanquished.

Notes
Turn   | Place    | Note
-------+----------+-------------------------------------------
     0 | D:1      | Johnny the Demigod Earth Elementalist began the quest for
                  | the Orb.
     0 | D:1      | Reached XP level 1. HP: 14/14 MP: 5/5
   149 | D:1      | Reached skill level 3 in Earth Magic
   246 | D:1      | Reached XP level 2. HP: 20/20 MP: 5/7
  1155 | D:2      | Reached XP level 3. HP: 21/26 MP: 2/9
  1264 | D:2      | Noticed Natasha
  1272 | D:2      | Killed Natasha
  1272 | D:2      | Reached skill level 4 in Earth Magic
  1294 | D:2      | Noticed Natasha
  1307 | D:2      | Killed Natasha
  1307 | D:2      | Reached XP level 4. HP: 25/33 MP: 1/10
  1414 | D:2      | Found a stormy altar of Qazlal.
  1459 | D:2      | Noticed Natasha
  1466 | D:2      | Killed Natasha
  1972 | D:2      | Found a basalt altar of Yredelemnul.
  2197 | D:3      | Reached XP level 5. HP: 28/38 MP: 6/12
  2340 | D:3      | Reached skill level 5 in Earth Magic
  2867 | D:4      | Found a bloodstained altar of Trog.
  2869 | D:4      | Found a burning altar of Makhleb.
  2870 | D:4      | Found a hazy altar of Hepliaklqana.
  2880 | D:4      | Learned a level 3 spell: Stone Arrow
  2886 | D:4      | Learned a level 5 spell: Lee's Rapid Deconstruction
  2896 | D:4      | Noticed an ogre
  2902 | D:4      | Killed an ogre
  2902 | D:4      | Reached XP level 6. HP: 35/45 MP: 9/14
  3251 | D:4      | Reached skill level 6 in Earth Magic
  3634 | D:4      | Reached XP level 7. HP: 50/50 MP: 6/16
  3681 | D:4      | Found a glowing golden altar of the Shining One.
  3854 | D:5      | Entered Level 5 of the Dungeon
  3912 | D:5      | Got an ichor-stained battleaxe
  4086 | D:5      | Got a warped rapier
  4087 | D:5      | Identified the cursed +0 rapier of Embarrassment {pierce,
                  | MR+ Str+2 SInv} (You found it on level 5 of the Dungeon)
  4332 | D:5      | Reached skill level 7 in Earth Magic
  4434 | D:5      | HP: 2/50 [poisoned by a scorpion]
  4435 | D:5      | Succumbed to a scorpion's poison

Levels and vault maps discovered:
D:1:      psy_arrival_terrarium, layout_basic
D:2:      layout_loops_ring, overflow_temple_1_default, grunt_qazlal_clouds,
          uniq_natasha
D:3:      layout_rooms, kennysheep_generic_room_9
D:4:      layout_loops_ring, chequers_temple_overflow_statue_of_worship,
          nicolae_overflow_hidden_temple, kennysheep_mini_moat,
          minmay_misc_feat_four_crosses
D:5:      layout_gridville, first_ration, hangedman_decor_points

Skill      XL: |  1  2  3  4  5  6  7 |
---------------+----------------------+-----
Earth Magic    | 3 4 5 6 7 |  7.1
Spellcasting   | 2 3 4 |  4.4
Dodging        | |  1.7
Stealth        | |  1.7
Transmutations | |  0.8

Action                   |  1- 3 |  4- 6 |  7- 9 || total
-------------------------+-------+-------+-------++-------
Melee: Unarmed           |    36 |    34 |       ||    70
       Whip              |       |    36 |    10 ||    46
       Rapier            |       |       |    11 ||    11
 Cast: Sandblast         |    52 |    61 |     3 ||   116
       Stone Arrow       |       |    14 |    16 ||    30
Evoke: Wand              |       |     2 |       ||     2
  Use: Scroll            |       |     2 |       ||     2
       Potion            |       |       |     4 ||     4
 Stab: Sleeping          |     1 |       |     1 ||     2
  Eat: Chunk             |     2 |     7 |     4 ||    13
Armor: Robe              |    14 |    15 |     1 ||    30
Dodge: Dodged            |    42 |    72 |    32 ||   146
